 Dungeon Crawl Stone Soup version 0.22.0-2-ge58baed0e8 (webtiles) character file.

406 Chiseanne the Skirmisher (level 6, -10/48 HPs)
             Began as a Vampire Fire Elementalist on Aug 12, 2018.
             Mangled by an ogre
             ... wielding a +0 giant spiked club
              (17 damage)
             ... on level 4 of the Dungeon.
             The game lasted 00:09:30 (3988 turns).

Chiseanne the Skirmisher (VpFE)                     Turns: 3988, Time: 00:09:31

Health: -10/48     AC:  6    Str:  7    XL:     6   Next: 56%
Magic:  9/9        EV: 10    Int: 17    God:
Gold:   329        SH:  0    Dex: 17    Spells: 8/9 levels left

rFire    . . .     SeeInvis +   e - +0 hand axe (elec)
rCold    . . .     Gourm    .   (no shield)
rNeg     + . .     Faith    .   g - +0 ring mail
rPois    .         Spirit   .   s - +0 helmet
rElec    .         Reflect  .   (no cloak)
rCorr    .         Harm     .   (no gloves)
MR       .....                  (no boots)
Stlth    ++........             (no amulet)
HPRegen  0.16/turn              (no ring)
MPRegen  0.11/turn              (no ring)

@: no status effects
A: fangs 3, see invisible, unbreathing
a: Bat Form


You were on level 4 of the Dungeon.
You were not thirsty.

You visited 1 branch of the dungeon, and saw 4 of its levels.

You collected 329 gold pieces.

Inventory:

Hand Weapons
 e - a +0 hand axe of electrocution (weapon)
 f - a +0 hunting sling
 o - a cursed -3 short sword
 q - a +0 dagger
Missiles
 b - 173 stones
 j - 31 bolts
 m - 21 sling bullets
 r - 20 arrows
 t - 2 tomahawks (quivered)
Armour
 g - a +0 ring mail (worn)
 n - a +0 shield
 s - a +0 helmet (worn)
 y - a +2 robe of the Archmagi
Jewellery
 d - an uncursed amulet of rage
 k - an uncursed ring of see invisible {unknown}
Scrolls
 w - a scroll of blinking
Potions
 a - a potion of heal wounds {unknown}
 c - 16 potions of blood
 h - a potion of curing {unknown}
 i - a potion of haste {unknown}
 l - 2 potions of brilliance {unknown}
 p - a potion of might {unknown}
 v - a potion of degeneration {unknown}


   Skills:
 * Level 4.2 Fighting
 * Level 3.3 Armour
 - Level 2.1 Dodging
 - Level 3.0 Stealth
 - Level 2.2 Spellcasting
 - Level 1.0 Conjurations
 - Level 2.5 Fire Magic


You had 8 spell levels left.
You knew the following spells:

 Your Spells              Type           Power        Failure   Level  Hunger
a - Flame Tongue          Conj/Fire      #....        28%         1    #......

Your spell library contained the following spells:

 Spells                   Type           Power        Failure   Level  Hunger
 Fireball                 Conj/Fire      #.........   100%        5    ######.
 Conjure Flame            Conj/Fire      #.......     65%         3    ###....
 Throw Flame              Conj/Fire      #.....       41%         2    ###....
 Sticky Flame             Conj/Fire      #.......     96%         4    #####..
 Inner Flame              Hex/Fire       #.......     71%         3    ###....


Dungeon Overview and Level Annotations

Branches:
Dungeon (4/15)
 Temple: D:4-7

Altars:

Annotations:
D:4 1 runed door, Natasha


Innate Abilities, Weirdness & Mutations

You have razor-sharp teeth.
You have supernaturally acute eyesight. (SInv)
You can survive without breathing.


Message History

You hit the iguana.
You kill the iguana!
The ogre shouts!
You hear an angry hiss.
You aren't carrying any items that you can evoke.
Unknown command.
There is a shaft here.
You hit the ogre. You bite the ogre.
The ogre is lightly wounded.
The ogre hits you with a giant spiked club!!
You hit the ogre.
The ogre is moderately wounded.
The ogre hits you with a giant spiked club!!
* * * LOW HITPOINT WARNING * * *
You hit the ogre but do no damage. You bite the ogre, but do no damage.
The ogre is moderately wounded.
The ogre barely misses you.
You barely miss the ogre. You bite the ogre.
The ogre is moderately wounded.
The ogre hits you with a giant spiked club!
You die...

#......>....## #......##....
#............### ##..#.#.......
#........#.....###...#.###.....
#......<...#.#..##.#.#..#......
#..........#'#.....#.##....##..
#..........#.##......####..##.#
#.....######..##.....###...##.#
#.....#........##.....##.#.##.#
#.....#.>...♣.@O..)........#..#
#######........##^#.#....#....#
######..##....##..##.....
#.######.###...#.### ###
#.....#.#.### #.###.#.#....
#.###.....##. #..........#
#O##......##. #..........#
#.##.###.....


You could see an ogre.

Vanquished Creatures
  Blork the orc (D:4)
  3 orc priests
  An orc wizard (D:4)
  2 iguanas (D:4)
  2 worker ants (D:4)
  A howler monkey skeleton (D:4)
  2 adders
  An ooze (D:2)
  2 dart slugs
  2 leopard geckos
  13 orcs
  5 giant cockroaches
  3 goblins
  6 hobgoblins
  8 jackals
  7 kobolds
  3 quokkas
  5 bats
  2 frilled lizards
  5 rats (D:1)
74 creatures vanquished.

Notes
Turn   | Place    | Note
-------+----------+-------------------------------------------
     0 | D:1      | Chiseanne the Vampire Fire Elementalist began the quest for the Orb.
     0 | D:1      | Reached XP level 1. HP: 13/13 MP: 3/3
   363 | D:1      | Reached skill level 1 in Conjurations
   399 | D:1      | Reached XP level 2. HP: 18/19 MP: 5/5
   553 | D:1      | Reached skill level 1 in Fighting
  1040 | D:1      | Reached XP level 3. HP: 27/27 MP: 6/6
  1210 | D:2      | Reached skill level 2 in Fighting
  1547 | D:3      | Reached skill level 1 in Armour
  2038 | D:3      | Reached XP level 4. HP: 12/34 MP: 7/7
  2432 | D:3      | Reached skill level 3 in Fighting
  2432 | D:3      | Reached XP level 5. HP: 13/41 MP: 8/8
  3345 | D:4      | Found a runed door.
  3439 | D:4      | Noticed Blork the orc
  3442 | D:4      | Killed Blork the orc
  3442 | D:4      | Reached XP level 6. HP: 48/48 MP: 9/9
  3477 | D:4      | Reached skill level 4 in Fighting
  3648 | D:4      | Noticed Natasha
  3988 | D:4      | Mangled by an ogre

Skill      XL: |  1  2  3  4  5  6 |
---------------+-------------------+-----
Conjurations   | 1 |  1.0
Fighting       | 1 2 3 4 |  4.2
Armour         | 1 2 3 |  3.3
Dodging        | |  2.1
Stealth        | |  3.0
Spellcasting   | |  2.2
Fire Magic     | |  2.5

Action                   |  1- 3 |  4- 6 || total
-------------------------+-------+-------++-------
Melee: Unarmed           |    20 |       ||    20
       Hand axe          |    97 |    94 ||   191
       Bite              |     4 |    10 ||    14
Throw: Tomahawk          |       |     3 ||     3
       Stone             |       |     1 ||     1
 Cast: Flame Tongue      |    14 |       ||    14
Evoke: Wand              |       |     6 ||     6
  Use: Scroll            |     6 |     3 ||     9
       Potion            |     2 |    10 ||    12
 Stab: Sleeping          |     6 |     6 ||    12
Armor: Robe              |    13 |       ||    13
       Ring mail         |    32 |    21 ||    53
Dodge: Dodged            |    88 |    54 ||   142
